HSSL
INDIANAPOLIS HS RIFLES @ JEFFERSONVILLE-YOUNGSVILLE CENTRAL HS TROJANS
04/23/2028
 
TOP OF THE 1ST
Indianapolis HS Rifles batting - Pitching for Jeffersonville-Youngsville Central HS Trojans : LHP Brett Wakeley
Pitching: LHP Brett Wakeley
Batting: RHB Howard Robinson 0-0: Fly out, F8 (Flyball, 8LM)
Batting: LHB James Gibbons 0-0: Ball
Error on foul ball, E2
1-1: DOUBLE (Flyball, 78D)
Batting: RHB Dwayne Roldán 0-0: Called Strike
0-1: Ball
James Gibbons is caught stealing 3rd base
1-1: Foul Ball, location: 2F
1-2: Ground out 5-3 (Groundball, 56)
Top of the 1st over - 0 run(s), 1 hit(s), 1 error(s), 0 left on base; Indianapolis HS 0 - Jeffersonville-Youngsville Central HS 0
BOTTOM OF THE 1ST
Jeffersonville-Youngsville Central HS Trojans batting - Pitching for Indianapolis HS Rifles : RHP Mario Ortega
Pitching: RHP Mario Ortega
Batting: RHB José Rocha 0-0: Foul Ball, location: 2F
0-1: Ball
1-1: Swinging Strike
1-2: Ball
2-2: Foul Ball, location: 2F
2-2: Ball
3-2: Foul Ball, location: 2F
3-2: Foul Ball, location: 2F
3-2: Foul Ball, location: 2F
3-2: SINGLE (Line Drive, 4M)
Batting: RHB Ben Bradley 0-0: Ball
1-0: Called Strike
1-1: Ball
2-1: Foul Ball, location: 2F
2-2: Foul Ball, location: 2F
2-2: Ball
3-2: Fly out, F5 (Line Drive, 5)
Lined into DP, 5-3 (Line Drive, 5)
Batting: LHB Tony Chávez 0-0: Ball
1-0: Ground out 4-3 (Groundball, 4)
Bottom of the 1st over - 0 run(s), 1 hit(s), 0 error(s), 0 left on base; Indianapolis HS 0 - Jeffersonville-Youngsville Central HS 0
TOP OF THE 2ND
Indianapolis HS Rifles batting - Pitching for Jeffersonville-Youngsville Central HS Trojans : LHP Brett Wakeley
Batting: RHB Juan Valdéz 0-0: Ball
1-0: Swinging Strike
1-1: Called Strike
1-2: Ball
2-2: Ball
3-2: Base on Balls
Batting: LHB Dave Sanders 0-0: SINGLE (Line Drive, 89M)
Juan Valdéz to second
Batting: RHB Kevin Robinson 0-0: Foul Ball, location: 2F
0-1: Swinging Strike
0-2: Foul Ball, location: 2F
0-2: Ball
1-2: Grounds into double play, 3-6-3 (Groundball, 34)
Juan Valdéz to third
Batting: RHB Paul Ríos 0-0: Called Strike
0-1: Foul Ball, location: 2F
0-2: Ball
1-2: Ball
2-2: Ball
3-2: SINGLE (Line Drive, 8RS)
Juan Valdéz scores
Batting: RHB Jason Tomlin 0-0: Ball
1-0: Foul Ball, location: 2F
1-1: Swinging Strike
1-2: Foul Ball, location: 2F
1-2: Foul Ball, location: 2F
1-2: Ball
2-2: SINGLE (Groundball, 4MD)
Paul Ríos to second
Batting: RHB Lorenzo Camacho 0-0: Foul Ball, location: 2F
0-1: SINGLE (Groundball, 6MD)
Paul Ríos to third
Jason Tomlin to second
Runner from 3rd tries for Home, SAFE, no throw
Batting: RHB Howard Robinson 0-0: Ball
1-0: Ball
2-0: Ball
3-0: Called Strike
3-1: Foul Ball, location: 2F
3-2: Foul Ball, location: 2F
3-2: Foul Ball, location: 2F
3-2: Base on Balls
Jason Tomlin to third
Lorenzo Camacho to second
Batting: LHB James Gibbons 0-0: Swinging Strike
0-1: Foul Ball, location: 2F
0-2: SINGLE (Line Drive, 9)
Jason Tomlin scores
Lorenzo Camacho to third
Howard Robinson to second
Runner from 3rd tries for Home, SAFE, no throw
Batting: RHB Dwayne Roldán 0-0: Ball
1-0: Called Strike
1-1: Foul Ball, location: 2F
1-2: Ball
2-2: Ball
3-2: Reached on error, E6 (Groundball, 6M)
Howard Robinson scores
James Gibbons to third
Batting: RHB Juan Valdéz 0-0: Called Strike
0-1: Foul Ball, location: 2F
0-2: Foul Ball, location: 2F
0-2: Ball
1-2: Ball
2-2: Foul Ball, location: 2F
2-2: Foul Ball, location: 2F
2-2: Ball
3-2: SINGLE (Line Drive, 89S)
James Gibbons scores
Dwayne Roldán to third
Dwayne Roldán scores
Pitching: RHP Flint Pérez
Batting: LHB Dave Sanders 0-0: Ball
1-0: Ball
2-0: Ball
3-0: Called Strike
3-1: Foul Ball, location: 2F
3-2: Foul Ball, location: 2F
3-2: Foul Ball, location: 2F
3-2: Fly out, F7 (Line Drive, 7)
Top of the 2nd over - 7 run(s), 6 hit(s), 1 error(s), 1 left on base; Indianapolis HS 7 - Jeffersonville-Youngsville Central HS 0
BOTTOM OF THE 2ND
Jeffersonville-Youngsville Central HS Trojans batting - Pitching for Indianapolis HS Rifles : RHP Mario Ortega
Batting: RHB Glenn Brooks 0-0: Ball
1-0: Ball
2-0: Foul Ball, location: 2F
2-1: Fly out, F3 (Popup, 3S)
Batting: LHB Ben Webb 0-0: Foul Ball, location: 2F
0-1: Called Strike
0-2: Ball
1-2: Ball
2-2: Ball
3-2: Foul Ball, location: 2F
3-2: Ground out 3-1 (Groundball, 34)
Batting: LHB Steve Parker 0-0: Foul Ball, location: 2F
0-1: Ball
1-1: Swinging Strike
1-2: Strikes out swinging
Bottom of the 2nd over - 0 run(s), 0 hit(s), 0 error(s), 0 left on base; Indianapolis HS 7 - Jeffersonville-Youngsville Central HS 0
TOP OF THE 3RD
Indianapolis HS Rifles batting - Pitching for Jeffersonville-Youngsville Central HS Trojans : RHP Flint Pérez
Batting: RHB Kevin Robinson 0-0: Called Strike
0-1: Ball
1-1: Ground out 4-3 (Groundball, 4)
Batting: RHB Paul Ríos 0-0: Ball
1-0: Ball
2-0: Foul Ball, location: 2F
2-1: Called Strike
2-2: Ball
3-2: DOUBLE (Line Drive, 8LXD)
Batting: RHB Jason Tomlin 0-0: Ball
1-0: SINGLE (Line Drive, 4D)
Paul Ríos to third
Batting: RHB Lorenzo Camacho 0-0: Ball
1-0: SINGLE (Groundball, 34D)
Paul Ríos scores
Jason Tomlin to second
Runner from 2nd tries for 3rd, SAFE, throw made to third
Batting: RHB Howard Robinson 0-0: Ball
1-0: Swinging Strike
1-1: Foul Ball, location: 2F
1-2: Foul Ball, location: 2F
1-2: Ball
2-2: Hit by Pitch
Lorenzo Camacho to second
Batting: LHB James Gibbons 0-0: Ball
1-0: Ball
2-0: DOUBLE (Line Drive, 89M)
Jason Tomlin scores
Lorenzo Camacho scores
Howard Robinson to third
Pitching: LHP Gil LaSalle
Batting: RHB Dwayne Roldán 0-0: Ball
1-0: Called Strike
1-1: Foul Ball, location: 2F
1-2: Foul Ball, location: 2F
1-2: Foul Ball, location: 2F
1-2: Foul Ball, location: 2F
1-2: Foul Ball, location: 2F
1-2: SINGLE (Flyball, 8LS)
Howard Robinson scores
James Gibbons to third
Runner from 3rd tries for Home, SAFE, no throw
Batting: RHB Juan Valdéz 0-0: Ball
Throwing error on steal attempt, E2
Dwayne Roldán to third
1-0: Ball
2-0: Foul Ball, location: 2F
2-1: Foul Ball, location: 2F
2-2: Foul Ball, location: 2F
2-2: Foul Ball, location: 2F
2-2: Ball
3-2: Fly out, F2 (Popup, 3S)
Batting: LHB Dave Sanders 0-0: Ball
1-0: Called Strike
1-1: Called Strike
1-2: Foul Ball, location: 2F
1-2: Ground out U3 (Groundball, 34)
Top of the 3rd over - 5 run(s), 5 hit(s), 1 error(s), 1 left on base; Indianapolis HS 12 - Jeffersonville-Youngsville Central HS 0
BOTTOM OF THE 3RD
Jeffersonville-Youngsville Central HS Trojans batting - Pitching for Indianapolis HS Rifles : RHP Mario Ortega
Batting: LHB Tomás Mata 0-0: Ground out 5-3 (Groundball, 5L)
Batting: RHB Mike McGee 0-0: Ball
1-0: Ball
2-0: Foul Ball, location: 2F
2-1: Ball
3-1: Swinging Strike
3-2: Base on Balls
Batting: RHB Duane Bradley 0-0: Fly out, F9 (Flyball, 9LSF)
Batting: RHB José Rocha 0-0: Ball
1-0: Called Strike
1-1: Ball
2-1: Foul Ball, location: 2F
2-2: Foul Ball, location: 2F
2-2: Foul Ball, location: 2F
2-2: Fielders Choice at 2nd, 5-4 (Groundball, 56)
Bottom of the 3rd over - 0 run(s), 0 hit(s), 0 error(s), 0 left on base; Indianapolis HS 12 - Jeffersonville-Youngsville Central HS 0
TOP OF THE 4TH
Indianapolis HS Rifles batting - Pitching for Jeffersonville-Youngsville Central HS Trojans : LHP Gil LaSalle
Batting: RHB Kevin Robinson 0-0: Ball
1-0: Called Strike
1-1: Fly out, F8 (Flyball, 89M)
Batting: RHB Paul Ríos 0-0: Swinging Strike
0-1: Ball
1-1: Called Strike
1-2: Ball
2-2: Foul Ball, location: 2F
2-2: Fly out, F7 (Flyball, 7LM)
Batting: RHB Jason Tomlin 0-0: Called Strike
0-1: Ball
1-1: Swinging Strike
1-2: Foul Ball, location: 2F
1-2: Strikes out swinging
Top of the 4th over - 0 run(s), 0 hit(s), 0 error(s), 0 left on base; Indianapolis HS 12 - Jeffersonville-Youngsville Central HS 0
BOTTOM OF THE 4TH
Jeffersonville-Youngsville Central HS Trojans batting - Pitching for Indianapolis HS Rifles : RHP Mario Ortega
Batting: RHB Ben Bradley 0-0: Foul Ball, location: 2F
0-1: Ball
1-1: Foul Ball, location: 2F
1-2: Ball
2-2: Ball
3-2: Foul Ball, location: 2F
3-2: Foul Ball, location: 2F
3-2: Base on Balls
Batting: LHB Tony Chávez 0-0: Foul Ball, location: 2F
0-1: Ball
1-1: Ball
2-1: Ball
3-1: Foul Ball, location: 2F
3-2: Fly out, F8 (Flyball, 8LM)
Batting: RHB Glenn Brooks 0-0: Called Strike
0-1: Called Strike
0-2: Ball
1-2: Foul Ball, location: 2F
1-2: Foul Ball, location: 2F
1-2: Foul Ball, location: 2F
1-2: DOUBLE (Flyball, 89M)
Ben Bradley to third
Batting: LHB Ben Webb 0-0: Called Strike
0-1: Foul Ball, location: 2F
0-2: Ball
1-2: Ball
2-2: Strikes out swinging
Batting: LHB Steve Parker 0-0: Ball
1-0: Called Strike
1-1: DOUBLE (Line Drive, 9LM)
Ben Bradley scores
Glenn Brooks scores
Batting: LHB Tomás Mata 0-0: Called Strike
0-1: Ball
1-1: Foul Ball, location: 2F
1-2: SINGLE (Line Drive, 89M)
Steve Parker to third
Pitching: RHP Tim Blair
Batting: RHB Mike McGee 0-0: Ball
1-0: Fly out, F8 (Flyball, 8LM)
Bottom of the 4th over - 2 run(s), 3 hit(s), 0 error(s), 2 left on base; Indianapolis HS 12 - Jeffersonville-Youngsville Central HS 2
TOP OF THE 5TH
Indianapolis HS Rifles batting - Pitching for Jeffersonville-Youngsville Central HS Trojans : LHP Gil LaSalle
Batting: RHB Lorenzo Camacho 0-0: Swinging Strike
0-1: Foul Ball, location: 2F
0-2: SINGLE (Line Drive, 89S)
Batting: RHB Howard Robinson 0-0: Called Strike
0-1: Ball
1-1: 2-RUN HOME RUN (Flyball, 8RXD), Distance : 445 ft
Batting: LHB James Gibbons 0-0: Ball
1-0: Foul Ball, location: 2F
1-1: Ball
2-1: Called Strike
2-2: Foul Ball, location: 2F
2-2: Foul Ball, location: 2F
2-2: Ball
3-2: Base on Balls
Pitching: RHP Claudio López
Batting: RHB Dwayne Roldán 0-0: Foul Ball, location: 2F
0-1: Foul Ball, location: 2F
0-2: Foul Ball, location: 2F
0-2: Ball
1-2: Ball
2-2: Fly out, F9 (Flyball, 9LS)
Batting: RHB Juan Valdéz 0-0: Called Strike
James Gibbons steals 2nd base
0-1: Ball
1-1: Ball
2-1: Foul Ball, location: 2F
2-2: Strikes out swinging
Batting: LHB Dave Sanders 0-0: Ball
1-0: Ball
2-0: Ball
3-0: Base on Balls
Batting: RHB Kevin Robinson 0-0: SINGLE (Groundball, 34D)
James Gibbons to third
Dave Sanders to second
Runner from 3rd tries for Home, SAFE, throw made home
Batting: RHB Paul Ríos 0-0: Ball
1-0: Foul Ball, location: 2F
1-1: Ball
2-1: Ball
3-1: Called Strike
3-2: Fly out, F7 (Line Drive, 7LM)
Top of the 5th over - 3 run(s), 3 hit(s), 0 error(s), 2 left on base; Indianapolis HS 15 - Jeffersonville-Youngsville Central HS 2
BOTTOM OF THE 5TH
Jeffersonville-Youngsville Central HS Trojans batting - Pitching for Indianapolis HS Rifles : RHP Tim Blair
Batting: RHB Duane Bradley 0-0: Fly out, F4 (Popup, 34D)
Batting: RHB José Rocha 0-0: Called Strike
0-1: SINGLE (Groundball, 56D)
Batting: RHB Ben Bradley 0-0: Called Strike
0-1: Ball
1-1: Ball
2-1: Ball
3-1: Called Strike
3-2: Base on Balls
José Rocha to second
Batting: LHB Tony Chávez 0-0: Ball
José Rocha steals 3rd base
Ben Bradley to second
1-0: Called Strike
1-1: Fly out, F7 (Flyball, 7LS)
Runner from 3rd tags up, SCORES, no throw
Batting: RHB Glenn Brooks 0-0: Fly out, F8 (Flyball, 8RD)
Bottom of the 5th over - 1 run(s), 1 hit(s), 0 error(s), 1 left on base; Indianapolis HS 15 - Jeffersonville-Youngsville Central HS 3
TOP OF THE 6TH
Indianapolis HS Rifles batting - Pitching for Jeffersonville-Youngsville Central HS Trojans : RHP Claudio López
Pinch Hitting: RHB Wesley Wood 0-0: Ball
1-0: DOUBLE (Flyball, 89M)
Batting: RHB Lorenzo Camacho 0-0: Called Strike
0-1: Ball
1-1: Called Strike
1-2: Fly out, F5 (Popup, 5)
Batting: RHB Howard Robinson 0-0: Ball
1-0: Ball
2-0: Called Strike
2-1: Ball
3-1: Called Strike
3-2: Base on Balls
Batting: LHB James Gibbons 0-0: Called Strike
0-1: Ball
1-1: Swinging Strike
1-2: Strikes out swinging
Batting: RHB Dwayne Roldán 0-0: Foul Ball, location: 2F
0-1: Ball
1-1: Foul Ball, location: 2F
1-2: Ball
2-2: Ball
3-2: Base on Balls
Wesley Wood to third
Howard Robinson to second
Batting: RHB Juan Valdéz 0-0: DOUBLE (Groundball, 5L)
Wesley Wood scores
Howard Robinson scores
Dwayne Roldán to third
Batting: LHB Dave Sanders 0-0: Reached on error, E6 (Groundball, 6M)
Dwayne Roldán scores
Juan Valdéz scores
Pitching: RHP Jim Bryant
Batting: RHB Kevin Robinson 0-0: Ball
1-0: Ball
2-0: Called Strike
2-1: SINGLE (Flyball, 89S)
Dave Sanders to third
Runner from 3rd tries for Home, SAFE, no throw
Batting: RHB Paul Ríos 0-0: Ball
1-0: Foul Ball, location: 2F
1-1: Fielders Choice at 2nd, 6-4 (Groundball, 6)
Top of the 6th over - 5 run(s), 3 hit(s), 1 error(s), 0 left on base; Indianapolis HS 20 - Jeffersonville-Youngsville Central HS 3
BOTTOM OF THE 6TH
Jeffersonville-Youngsville Central HS Trojans batting - Pitching for Indianapolis HS Rifles : RHP Tim Blair
Now at 2B: Wesley Wood
Batting: LHB Ben Webb 0-0: Ball
1-0: Ball
2-0: SINGLE (Groundball, 34D)
Batting: LHB Steve Parker 0-0: Foul Ball, location: 2F
0-1: Foul Ball, location: 2F
0-2: Ball
1-2: Ball
2-2: Strikes out swinging
Pinch Hitting: RHB Mike Weeks 0-0: Ball
1-0: Ball
2-0: Ball
Wild Pitch!
Ben Webb to second
3-0: Base on Balls
Batting: RHB Mike McGee 0-0: Ball
1-0: Foul Ball, location: 2F
1-1: Foul Ball, location: 2F
1-2: Ball
2-2: SINGLE (Groundball, 6D)
Ben Webb to third
Mike Weeks to second
Runner from 3rd tries for Home, SAFE, throw made home
Batting: RHB Duane Bradley 0-0: Ball
1-0: Fly out, F5 (Popup, 5S)
Batting: RHB José Rocha 0-0: Ball
1-0: Ball
2-0: Ball
3-0: Base on Balls
Mike Weeks to third
Mike McGee to second
Batting: RHB Ben Bradley 0-0: Called Strike
0-1: Foul Ball, location: 2F
0-2: Ball
1-2: Ball
2-2: Ground out 1-3 (Groundball, 15S)
Bottom of the 6th over - 1 run(s), 2 hit(s), 0 error(s), 3 left on base; Indianapolis HS 20 - Jeffersonville-Youngsville Central HS 4
TOP OF THE 7TH
Indianapolis HS Rifles batting - Pitching for Jeffersonville-Youngsville Central HS Trojans : RHP Jim Bryant
Now at 3B: Mike Weeks
Batting: RHB Wesley Wood 0-0: Fly out, F5 (Popup, 5S)
Batting: RHB Lorenzo Camacho 0-0: Ball
1-0: Ball
2-0: Ball
3-0: Base on Balls
Batting: RHB Howard Robinson 0-0: Called Strike
0-1: Foul Ball, location: 2F
0-2: Ball
1-2: Ball
2-2: Grounds into double play, 6-4-3 (Groundball, 6)
Top of the 7th over - 0 run(s), 0 hit(s), 0 error(s), 0 left on base; Indianapolis HS 20 - Jeffersonville-Youngsville Central HS 4
BOTTOM OF THE 7TH
Jeffersonville-Youngsville Central HS Trojans batting - Pitching for Indianapolis HS Rifles : RHP Tim Blair
Batting: LHB Tony Chávez 0-0: Foul Ball, location: 2F
0-1: Ground out 5-3 (Groundball, 5)
Batting: RHB Glenn Brooks 0-0: Ball
1-0: Ball
2-0: Ball
3-0: Called Strike
3-1: Base on Balls
Batting: LHB Ben Webb 0-0: Hit by Pitch
Glenn Brooks to second
Batting: LHB Steve Parker 0-0: Foul Ball, location: 2F
0-1: Foul Ball, location: 2F
0-2: Ball
1-2: Ball
2-2: Grounds into double play, 4-6-3 (Groundball, 34D)
Bottom of the 7th over - 0 run(s), 0 hit(s), 0 error(s), 1 left on base; Indianapolis HS 20 - Jeffersonville-Youngsville Central HS 4
TOP OF THE 8TH
Indianapolis HS Rifles batting - Pitching for Jeffersonville-Youngsville Central HS Trojans : RHP Jim Bryant
Batting: LHB James Gibbons 0-0: Ball
1-0: Called Strike
1-1: Ball
2-1: Foul Ball, location: 2F
2-2: Strikes out swinging
Batting: RHB Dwayne Roldán 0-0: Ball
1-0: Ball
2-0: Ball
3-0: Called Strike
3-1: Called Strike
3-2: Foul Ball, location: 2F
3-2: Reached on error, E6 (Groundball, 6S)
Batting: RHB Juan Valdéz 0-0: Foul Ball, location: 2F
0-1: Foul Ball, location: 2F
0-2: Ball
1-2: Ball
2-2: Foul Ball, location: 2F
2-2: Ball
3-2: SINGLE (Flyball, 6MD)
Dwayne Roldán to second
Batting: LHB Dave Sanders 0-0: Ball
1-0: Foul Ball, location: 2F
1-1: Swinging Strike
1-2: Ball
2-2: Foul Ball, location: 2F
2-2: Strikes out swinging
Batting: RHB Kevin Robinson 0-0: Ball
1-0: Called Strike
1-1: Ball
2-1: Ball
3-1: Swinging Strike
3-2: Foul Ball, location: 2F
3-2: Strikes out swinging
Top of the 8th over - 0 run(s), 1 hit(s), 1 error(s), 2 left on base; Indianapolis HS 20 - Jeffersonville-Youngsville Central HS 4
BOTTOM OF THE 8TH
Jeffersonville-Youngsville Central HS Trojans batting - Pitching for Indianapolis HS Rifles : RHP Tim Blair
Pitching: RHP Javier Valéncia
Batting: RHB Mike Weeks 0-0: Ball
1-0: Ball
2-0: Swinging Strike
2-1: Ball
3-1: Called Strike
3-2: Ground out 6-3 (Groundball, 6)
Batting: RHB Mike McGee 0-0: Ball
1-0: Called Strike
1-1: Fly out, F8 (Flyball, 8LM)
Batting: RHB Duane Bradley 0-0: SINGLE (Groundball, 4MD)
Batting: RHB José Rocha 0-0: Ball
1-0: Ball
2-0: SINGLE (Line Drive, 4D)
Duane Bradley to second
Runner from 2nd tries for 3rd, SAFE, throw made to third
Batting: RHB Ben Bradley 0-0: Ball
1-0: Fielders Choice at 2nd, 4-6 (Groundball, 4)
Bottom of the 8th over - 0 run(s), 2 hit(s), 0 error(s), 1 left on base; Indianapolis HS 20 - Jeffersonville-Youngsville Central HS 4
TOP OF THE 9TH
Indianapolis HS Rifles batting - Pitching for Jeffersonville-Youngsville Central HS Trojans : RHP Jim Bryant
Pitching: RHP Victor Justice
Batting: RHB Paul Ríos 0-0: Foul Ball, location: 2F
0-1: Ground out 6-3 (Groundball, 6)
Batting: RHB Wesley Wood 0-0: Called Strike
0-1: Foul Ball, location: 2F
0-2: Strikes out swinging
Batting: RHB Lorenzo Camacho 0-0: Ground out 5-3 (Groundball, 56S)
Top of the 9th over - 0 run(s), 0 hit(s), 0 error(s), 0 left on base; Indianapolis HS 20 - Jeffersonville-Youngsville Central HS 4
BOTTOM OF THE 9TH
Jeffersonville-Youngsville Central HS Trojans batting - Pitching for Indianapolis HS Rifles : RHP Javier Valéncia
Batting: LHB Tony Chávez 0-0: Ball
1-0: Ball
2-0: SOLO HOME RUN (Flyball, 78XD), Distance : 428 ft
Batting: RHB Glenn Brooks 0-0: Ball
1-0: Swinging Strike
1-1: Fly out, F8 (Flyball, 78M)
Batting: LHB Ben Webb 0-0: Ball
1-0: Swinging Strike
1-1: Foul Ball, location: 2F
1-2: Ball
2-2: Ball
3-2: SINGLE (Groundball, 3D)
Batting: LHB Steve Parker 0-0: Called Strike
0-1: Ball
1-1: Foul Ball, location: 2F
1-2: Strikes out swinging
Batting: RHB Mike Weeks 0-0: Ball
1-0: Called Strike
1-1: Ball
2-1: Foul Ball, location: 2F
2-2: Ball
3-2: Ground out 6-3 (Groundball, 6S)
Bottom of the 9th over - 1 run(s), 2 hit(s), 0 error(s), 1 left on base; Indianapolis HS 20 - Jeffersonville-Youngsville Central HS 5
Tuesday, August 8th, 2017 - OOTP Baseball 17.12 Build 75